 Dungeon Crawl Stone Soup version 0.30-a0-364-gf6b3ef1049 (webtiles) character file.

Game seed: 14138602401962378628

6593 dracfodder the Destroyer (level 10, -5/80 HPs)
             Began as a Grey Draconian Conjurer on Nov 14, 2022.
             Was an Initiate of Sif Muna.
             Slain by a dream sheep (22 damage)
             ... on level 1 of the Lair of Beasts on Nov 15, 2022.
             The game lasted 01:01:46 (13389 turns).

dracfodder the Destroyer (Grey Draconian Conjurer) Turns: 13389, Time: 01:01:47

Health: -5/80      AC: 18    Str:  9    XL:     10   Next: 71%
Magic:  19/22      EV:  2    Int: 27    God:    Sif Muna [......]
Gold:   562        SH:  0    Dex:  9    Spells: 18/25 levels left

rFire   . . .      SeeInvis +    a - +4 quarterstaff (chaos)
rCold   + . .      Faith    .    (shield currently unavailable)
rNeg    . . .      Spirit   .    (body armour unavailable)
rPois   .          Reflect  .    (helmet restricted)
rElec   .          Harm     .    k - +2 cloak
rCorr   +          Rampage  +    s - +2 pair of gloves of Ulyon {Rampage rC+ Will- Int+3}
Will    .....                    (no boots)
Stlth   ++........               G - amulet of magic regeneration
HPRegen 0.33/turn                m - ring of resist corrosion
MPRegen 0.58/turn                r - ring of see invisible

@: sleeping
A: AC +12, amphibious, unfitting armour, cold-blooded, horns 1
a: Renounce Religion


You were on level 1 of the Lair of Beasts.
You worshipped Sif Muna.
Sif Muna was noncommittal.
You visited 3 branches of the dungeon, and saw 13 of its levels.

You collected 562 gold pieces.

Inventory:

Hand Weapons
 a - a +4 quarterstaff of chaos (weapon)
 f - a +0 rapier of draining
 u - the +1 quarterstaff of Baecvaps {drain, *Rage *Corrode rF++ Will+++}
   (You found it on level 5 of the Dungeon)

   A truly terrible weapon, it drains the life of any living foe it strikes.
   rF:        It greatly protects you from fire.
   *Rage:     It berserks you when you make melee attacks (+20% chance).
   *Corrode:  It may corrode you when you take damage.
   Will:      It greatly increases your willpower.
Missiles
 b - 88 stones
 n - 4 silver javelins
Armour
 k - a +2 cloak (worn)
 s - the +2 pair of gloves of Ulyon (worn) {Rampage rC+ Will- Int+3}
   (You found it on level 5 of the Dungeon)

   Int:       It affects your intelligence (+3).
   rC:        It protects you from cold.
   Rampage:   It bestows one free step when moving towards enemies.
   Will:      It decreases your willpower.
Jewellery
 m - a ring of resist corrosion (left hand)
 o - a ring of fire
 r - a ring of see invisible (right hand)
 z - a +6 ring of strength
 D - a ring of poison resistance
 G - an amulet of magic regeneration (around neck)
Wands
 g - a wand of iceblast (6)
 h - a wand of flame (29)
 x - a wand of charming (16)
 y - a wand of mindburst (19)
 A - a wand of polymorph (12)
Scrolls
 c - a scroll of blinking
 p - 6 scrolls of teleportation
 v - 4 scrolls of identify
 w - a scroll of torment {unknown}
 B - a scroll of butterflies
 C - a scroll of fear {unknown}
 E - a scroll of silence {unknown}
Potions
 d - 3 potions of brilliance
 e - 8 potions of curing
 i - 5 potions of heal wounds
 j - 2 potions of lignification
 l - 3 potions of cancellation
 q - a potion of flight {unknown}
 t - 2 potions of might {unknown}
 F - a potion of haste {unknown}


   Skills:
 + Level 4.9 Fighting
 + Level 5.4 Staves
 + Level 0.6 Throwing
 + Level 6.2 Dodging
 + Level 4.8 Stealth
 + Level 8.1 Spellcasting
 + Level 9.0 Conjurations
 + Level 3.5 Evocations


You had 18 spell levels left.
You knew the following spells:

 Your Spells              Type           Power      Damage    Failure   Level
a - Magic Dart            Conj           100%       1d8       1%          1
b - Searing Ray           Conj           100%       2d8       1%          2
c - Necrotise             Necr           40%        1d6       5%          1
d - Dazzling Flash        Conj/Hex       70%        N/A       2%          3

Your spell library contained the following spells:

 Spells                   Type           Power      Damage    Failure   Level
 Hailstorm                Conj/Ice       35%        3d9       2%          3
 Freeze                   Ice            40%        1d6       5%          1
 Slow                     Hex            40%        N/A       5%          1
 Fulminant Prism          Conj/Hex       17%        3d10      9%          4
 Iskenderun's Mystic Bla  Conj/Tloc      35%        2d8       9%          4
 Confusing Touch          Hex            10%        N/A       16%         3
 Frozen Ramparts          Ice            20%        1d4       16%         3
 Vampiric Draining        Necr           10%        2d6       16%         3
 Agony                    Necr           10%        N/A       82%         5
 Silence                  Hex/Air        5%         N/A       82%         5


Dungeon Overview and Level Annotations

Branches:
Dungeon (10/15)            Temple (1/1) D:5            Lair (2/5) D:9
  Swamp: Lair:2-3    Shoals: Lair:2-3     Snake: Lair:2-3    Spider: Lair:2-3
    Orc: D:9-12

Altars:
Ashenzari
Cheibriados
Dithmenos
Elyvilon
Fedhas
Gozag
Hepliaklqana
Kikubaaqudgha
Makhleb
Nemelex Xobeh
Okawaru
Qazlal
Ru
Sif Muna
Trog
Uskayaw
Vehumet
Wu Jian
Xom
Yredelemnul
Zin
The Shining One

Shops:
D:8 :


Innate Abilities, Weirdness & Mutations

Your dull iron-grey scales are very hard. (AC +12)
You are amphibious.
You cannot fit into any form of body armour.
You are cold-blooded and may be slowed by cold attacks.
You have a pair of small horns on your head.


Message History

The dream sheep bites you but does no damage.
The dream sheep misses you.
The dream sheep bites you but does no damage. x2
The searing ray misses the dream sheep.
The dream sheep bites you but does no damage. x3
The dream sheep barely misses you.
The searing ray hits the dream sheep!
The dream sheep is severely wounded.
The dream sheep closely misses you. The dream sheep bites you!
The dream sheep bites you but does no damage.
The dream sheep barely misses you.
The searing ray hits the dream sheep.
The dream sheep is almost dead.
You finish channelling your searing ray.
The dream sheep barely misses you.
The dream sheep bites you but does no damage.
The dream sheep bites you.
The dream sheep shake their wool and sparkle.
You feel drowsy...
You fall asleep.
The dream sheep bites you but does no damage.
The dream sheep bites you!
You wake up.
The dream sheep bites you but does no damage.
The dream sheep closely misses you.
You closely miss the dream sheep. You headbutt the dream sheep.
The dream sheep is almost dead.
The dream sheep bites you but does no damage. x4
You hit the dream sheep. You headbutt the dream sheep.
You kill the dream sheep!
Sif Muna accepts your kill. The dream sheep bites you.
The dream sheep closely misses you. The dream sheep bites you!
* * * LOW HITPOINT WARNING * * *
You hit the dream sheep. You headbutt the dream sheep.
The dream sheep is moderately wounded.
The dream sheep bites you.
* * * LOW HITPOINT WARNING * * *
The dream sheep shake their wool and sparkle.
You feel drowsy...
You fall asleep.
The dream sheep bites you!!
You die...

.....#...#########....####.####..
.....#...##.....##....##.....##..
.........##.....##....#..........
.........'......#P.)..##.....##..
..........#.....##....##.....##..
.P#.##[..P########....##.#.####..
.........#########....#.#..###...
...............†Y..<.............
................@................
...............YY................
.................................
.................................
..........###.###................
#####.....#.....+......P..#.#####
....#...........#.....#.........#
..........#...[.......#.........#
....#.....#.....#...............#


You could see 3 dream sheep.

Vanquished Creatures
  A rime drake (Lair:1)
  A komodo dragon (D:9)
  2 hornets
  3 dream sheep
  A wraith (D:7)
  3 wyverns
  Eustachio (D:4)
  6 yaks (D:8)
  Grum (D:8)
  A water moccasin (D:6)
  Duvessa (D:5)
  2 ice beasts
  2 black bears
  An orc warrior (D:7)
  2 phantoms
  4 wolves
  A gnoll sergeant (D:7)
  A kobold brigand (D:7)
  A bullfrog (D:6)
  A scorpion (D:5)
  11 wights
  Dowan (D:5)
  6 killer bees
  3 howler monkeys
  3 hounds
  4 jellies
  3 orc priests
  Crazy Yiuf (D:3)
  4 iguanas
  7 orc wizards
  Robin (D:4)
  14 adders
  5 gnolls
  2 shadow imps
  A white imp (D:7)
  An ufetubus (D:5)
  A dart slug (D:2)
  19 orcs
  9 ball pythons
  7 bats
  9 endoplasms
  3 giant cockroaches
  19 goblins
  8 hobgoblins
  15 jackals
  5 quokkas
  8 frilled lizards
  8 kobolds
  6 rats
220 creatures vanquished.

Vanquished Creatures (collateral kills)
  A wolf (Lair:1)
  A bullfrog (Lair:1)
  4 kobolds (D:8)
6 creatures vanquished.

Vanquished Creatures (others)
  A kobold brigand (D:8)
  A gnoll (D:7)
  34 plants
36 creatures vanquished.

Grand Total: 262 creatures vanquished

Notes
Turn   | Place    | Note
-------+----------+-------------------------------------------
     0 | D:1      | dracfodder the Draconian Conjurer began the quest for the
                  | Orb.
     0 | D:1      | Reached XP level 1. HP: 14/14 MP: 3/3
   295 | D:1      | Reached XP level 2. HP: 20/20 MP: 0/5
   298 | D:1      | Learned a level 2 spell: Searing Ray
   394 | D:1      | Found a faded altar of an unknown god.
   821 | D:1      | Reached XP level 3. HP: 26/26 MP: 0/6
  1548 | D:2      | Reached skill level 5 in Conjurations
  1730 | D:2      | Reached XP level 4. HP: 33/33 MP: 2/7
  3172 | D:3      | Reached XP level 5. HP: 38/38 MP: 5/9
  3300 | D:3      | Found a radiant altar of Vehumet.
  3719 | D:3      | Found a runed translucent door.
  3720 | D:3      | Noticed Crazy Yiuf
  4099 | D:3      | Killed Crazy Yiuf
  4284 | D:4      | Learned a level 1 spell: Necrotise
  4288 | D:4      | Learned a level 3 spell: Dazzling Flash
  4616 | D:4      | Noticed Eustachio
  4635 | D:4      | Killed Eustachio
  4636 | D:4      | Reached XP level 6. HP: 24/46 MP: 0/11
  4735 | D:4      | Reached skill level 6 in Conjurations
  4740 | D:4      | Noticed Robin
  4747 | D:4      | Killed Robin
  5182 | D:5      | Entered Level 5 of the Dungeon
  5206 | D:5      | Reached skill level 1 in Fighting
  5523 | D:5      | Noticed an ice beast
  5529 | D:5      | Killed an ice beast
  5530 | D:5      | Your scales start taking on a dull iron-grey colour.
  5530 | D:5      | Reached XP level 7. HP: 53/53 MP: 4/13
  5686 | D:5      | Reached skill level 1 in Staves
  6008 | D:5      | Found a shadowy altar of Dithmenos.
  6272 | D:5      | Identified the +2 pair of gloves of Ulyon {Rampage rC+
                  | Will- Int+3}
  6870 | D:5      | Noticed Duvessa
  6871 | D:5      | Noticed Dowan
  6874 | D:5      | Found a staircase to the Ecumenical Temple.
  6877 | D:5      | Killed Duvessa
  6881 | D:5      | Killed Dowan
  6882 | D:5      | Reached XP level 8. HP: 53/62 MP: 0/14
  6889 | D:5      | Identified the +1 quarterstaff of Baecvaps {drain, *Rage
                  | *Corrode rF++ Will+++}
  6997 | D:5      | Found a glowing silver altar of Zin.
  7111 | D:6      | Gained mutation: You have a pair of small horns on your
                  | head. [potion of mutation]
  7175 | D:6      | Found a blossoming altar of Fedhas.
  7211 | D:6      | Reached skill level 5 in Spellcasting
  7674 | D:6      | Reached skill level 7 in Conjurations
  7674 | D:6      | Reached skill level 1 in Evocations
  8764 | D:7      | Reached XP level 9. HP: 54/70 MP: 8/18
 10130 | D:8      | Noticed Grum
 10150 | D:8      | Killed Grum
 10151 | D:8      | Reached skill level 8 in Conjurations
 10282 | D:8      | Found a bloodstained altar of Trog.
 10292 | D:8      | Found a shimmering altar of Xom.
 10297 | D:8      | Found a broken altar of Ashenzari.
 10567 | D:8      | Reached skill level 5 in Dodging
 10573 | D:8      | Reached XP level 10. HP: 70/80 MP: 1/21
 10993 | D:8      | Found Soaxkove's Book Shop.
 11291 | D:8      | Found a hazy altar of Hepliaklqana.
 11978 | D:9      | Found a staircase to the Lair.
 12126 | Temple   | Entered the Ecumenical Temple
 12229 | Temple   | Became a worshipper of Sif Muna the Loreminder
 12661 | D:10     | Entered Level 10 of the Dungeon
 12661 | D:10     | Noticed a two-headed ogre
 12678 | Lair:1   | Entered Level 1 of the Lair of Beasts
 12900 | Lair:1   | Reached skill level 5 in Staves
 13118 | Lair:1   | Reached skill level 9 in Conjurations
 13389 | Lair:1   | Slain by a dream sheep

Illustrated notes

Levels and vault maps discovered:
D:1:      dpeg_arrival_castle, layout_loops_ring,
          hellmonk_ecumenical_altar_arch_garden, kennysheep_decorative_pillar,
          hangedman_decor_points
D:2:      layout_rooms, serial_co_window_serial, co_window_corner_a,
          co_window_paths_a, co_window_paths_a, co_window_corner_a,
          co_window_corner_a, co_window_paths_b, co_window_unsneaky_path_b,
          co_window_of_opportunity_b, co_window_broadway_c, glass_columns_a,
          glass_columns_b, glass_columns_a
D:3:      layout_loops_ring, marbit_many_paths, portal_sewer_entry_b,
          chequers_serial_rivers_room_b, wander_ebering_terrifying_dragon_lair,
          uniq_crazy_yiuf_cottage
D:4:      layout_gridville, uniq_eustachio, uniq_robin
D:5:      minmay_chambers_of_fours, layout_loops_ring, zin_academy,
          mainiacjoe_overflow_paths, temple_statues, uniq_duvessa
D:6:      layout_rooms, fedhas_ov_isle_minmay, kennysheep_potato
D:7:      layout_basic
D:8:      layout_rooms, worldfamousw_hep_ancestral_shrine,
          minmay_overflow_temple_star_quad, serial_shops, shop_statue,
          minmay_splitting_lines, minivault_25, uniq_grum
D:9:      layout_basic, david_lair_shrubbed
D:10:     layout_basic, serial_corexii_hall, corexii_hall_statues_deadend,
          chequers_hall_statues_y, gammafunk_ghost_nasty_kobolds,
          grunt_ministairs_10, uniq_josephine, uniq_urug
Temple:   nicolae_temple_two_arcs
Lair:1:   layout_regular_city
Lair:2:   layout_regular_city, minmay_swamp_entry_eels, dummy_snake_entry,
          serial_bayou_shore_a, uniq_sonja

Skill      XL: |  1  2  3  4  5  6  7  8  9 10 |
---------------+-------------------------------+-----
Dodging        | 2 3 4 5 6 |  6.2
Conjurations   | 5 6 7 8 9 |  9.0
Stealth        | 2 3 4 |  4.8
Spellcasting   | 3 4 6 7 8 |  8.1
Fighting       | 1 2 3 4 |  4.9
Staves         | 2 3 4 5 |  5.4
Evocations     | 1 2 3 |  3.5
Throwing       | |  0.6

Action                   |  1- 3 |  4- 6 |  7- 9 | 10-12 || total
-------------------------+-------+-------+-------+-------++-------
Melee: Unarmed           |    24 |       |       |       ||    24
       Dagger            |    23 |     4 |       |       ||    27
       Tailslap          |     1 |     5 |     4 |     2 ||    12
       Quarterstaff      |       |    26 |    37 |    23 ||    86
       Headbutt          |       |       |     5 |     8 ||    13
Throw: Stone             |     3 |       |       |       ||     3
       Javelin           |       |     6 |       |       ||     6
 Cast: Magic Dart        |    51 |    62 |    72 |    16 ||   201
       Searing Ray       |    11 |    31 |    68 |    17 ||   127
Evoke: Wand              |       |       |    18 |    11 ||    29
  Use: Scroll            |       |    10 |     5 |       ||    15
       Potion            |       |     2 |     2 |       ||     4
Armor: Skin              |    23 |    25 |    93 |    36 ||   177
Dodge: Dodged            |    48 |    54 |    93 |    39 ||   234

Table legend: (Time is in decaauts)
 A = Elapsed time spent in this place.
 B = Non-inter-level travel time spent in this place.
 C = Inter-level travel time spent in this place.
 D = Time resting spent in this place.
 E = Time spent auto-exploring this place.
 F = Levels seen in this place.
 G = Mean time per level.
                   A        B        C        D        E       F      G
               +--------+--------+--------+--------+--------+-----+--------+
         Total |  13439 |  12928 |    511 |   4363 |   6578 |  13 | 1033.8 |
       Dungeon |  12615 |  12139 |    476 |   4301 |   5973 |  10 | 1261.5 |
        Temple |    112 |    104 |      8 |      0 |     88 |   1 |  112.0 |
          Lair |    711 |    684 |     27 |     62 |    517 |   2 |  355.5 |
               +--------+--------+--------+--------+--------+-----+--------+

Top non-repeatable levels by time:
     D:5: 1956 daAuts
     D:7: 1900 daAuts
     D:1: 1527 daAuts
     D:8: 1441 daAuts
     D:2: 1406 daAuts
     D:3: 1235 daAuts
     D:6: 1074 daAuts
     D:9: 1035 daAuts
     D:4: 1031 daAuts
  Lair:1: 704 daAuts
  Temple: 112 daAuts
  Lair:2: 6 daAuts
    D:10: 5 daAuts
